Unix NetHack Version 5.0.0-0 post-release - last build May  4 2026 22:22:43 (774f63e81ad911689b3a0859ea89b322d5daca8d,branch:main).

Game began 2026-05-07 08:29:27, ended 2026-05-07 08:47:28.

182320070181818, lawful female human Valkyrie

                                                            ........
                                                        -.. .........
                                                        -|....--.|....--
                                                        .|...^|--|`.....
                                                   ...  ......|   -..|<.
                                                   .......`.---   ------
                                                   ....... .|
                                                   ----------

182320070181818 the Skirmisher  St:14 Dx:16 Co:18 In:7 Wi:9 Ch:11  Lawful
Dlvl:4  $:21 HP:0(33) Pw:8(8) AC:7  Xp:3 T:1144 

Latest messages:
 You kill the bat!
 You see here a bat corpse.
 Your kitten eats a bat corpse.
 The kitten picks up a gecko corpse.
 The kitten misses the dwarf.
 You hear some noises.
 You see here 11 rocks.
 You hear crashing rock.
 You hear crashing rock.
 Really step onto that falling rock trap? [yn] (n) n
 The kitten misses it.
 The kitten misses it.
 The kitten misses the iguana.
 Really step into that teleportation trap? [yn] (n) y
 You materialize in a different location!
 You hear some noises in the distance.
 You hear crashing rock.
 You already found a monster.  Use 'm' prefix to force another search.
 The bat bites!
 The kitten misses the bat.
 You already found a monster.  Use 'm' prefix to force another search.
 You already found a monster.  Use 'm' prefix to force another search.
 You already found a monster.  Use 'm' prefix to force another search.
 The bat bites!
 You stop.  Your kitten is in the way!
 The bat bites!
 The bat bites!
 You kill the bat!
 You descend the stairs.
 You see here a red gem.
 p - a red gem.
 You materialize in a different location!
 You swap places with the peaceful dwarf.
 You hear a nearby zap.
 The bolt of fire whizzes by you!
 The bolt of fire bounces!
 The bolt of fire whizzes by you!
 The kitten bites it.
 You hear a nearby zap.
 The bolt of fire hits you!
 Your wooden shield smoulders!
 You hear a nearby zap.
 The bolt of fire hits you!
 Your wooden shield smoulders further!
 You die...
 Do you want your possessions identified? [ynq] (y) n
 Do you want to see your attributes? [ynq] (y) n
 Do you want an account of creatures vanquished? [ynaq] (y) n
 Do you want to see your conduct and achievements? [ynq] (y) n
 Do you want to see the dungeon overview? [ynq] (y) n

Inventory:
 Coins    ('$')
  $ - 21 gold pieces
 Weapons  (')')
  f - 9 +0 silver arrows
  b - a +0 dagger (alternate weapon; not wielded)
  j - a +0 elven spear
  a - a +1 spear (weapon in right hand)
  m - a +0 fauchard
 Armor    ('[')
  c - an uncursed very burnt +3 small shield (being worn)
  e - a blessed +2 ring mail
 Comestibles  ('%')
  d - an uncursed food ration
 Scrolls  ('?')
  o - an uncursed scroll of confuse monster
  h - an uncursed scroll of food detection
  k - an uncursed scroll of identify
  g - a blessed scroll of remove curse
 Potions  ('!')
  i - an uncursed potion of water
 Tools    ('(')
  n - an uncursed tallow candle
 Gems/Stones  ('*')
  p - an uncursed worthless piece of red glass

182320070181818 the Valkyrie's attributes:

Background:
 You were a Skirmisher, a level 3 human Valkyrie.
 You were lawful, nominally on a mission for Tyr
 who was opposed by Odin (neutral) and Loki (chaotic).
 You were right-handed.
 You were in the Gnomish Mines, on level 4.
 You entered the dungeon 1144 turns ago.
 You had 69 experience points, 11 more were needed to attain level 4.

Basics:
 You had 0 out of 33 hit points.
 You had all 8 energy points (spell power).
 Your armor class was 7.
 Your wallet contained 21 zorkmids.
 Autopickup was off.

Final Characteristics:
 Your strength was 14 (limit:18/100).
 Your dexterity was 16 (limit:18).
 Your constitution was 18 (limit:18).
 Your intelligence was 7 (limit:18).
 Your wisdom was 9 (limit:18).
 Your charisma was 11 (limit:18).

Final Status:
 You weren't hungry.
 You were unencumbered.
 You were wielding a spear.
 You had basic skill with spear.

Final Attributes:
 You were devoutly aligned.
 You were cold resistant.
 You were stealthy.
 You are dead.

Miscellaneous:
 You didn't encounter any bones levels.
 Total elapsed playing time was 18 minutes.

Major events:
 Turn
    1: 182320070181818 the lawful human Valkyrie entered the dungeon
  847: entered the Gnomish Mines
  932: attained the rank of Skirmisher (level 3)
 1144: killed by a bolt of fire zapped by a gnome

You didn't know any spells.

Skills:
 Fighting Skills
   bare handed combat [Unskilled]
   two weapon combat  [Unskilled]
   riding             [Unskilled]
 Weapon Skills
   dagger             [Basic]
   axe                [Unskilled]
   pick-axe           [Unskilled]
   short sword        [Unskilled]
   broadsword         [Unskilled]
   long sword         [Unskilled]
   two-handed sword   [Unskilled]
   saber              [Unskilled]
   hammer             [Unskilled]
   quarterstaff       [Unskilled]
   polearms           [Unskilled]
   spear              [Basic]
   trident            [Unskilled]
   lance              [Unskilled]
   sling              [Unskilled]
 Spellcasting Skills
   attack spells      [Unskilled]
   escape spells      [Unskilled]

Voluntary challenges:
 Character rerolling was not enabled.
 You were an atheist.
 You were illiterate.
 You never genocided any monsters.
 You never polymorphed an object.
 You never changed form.
 You used no wishes.
Achievements:
 You entered a shop.
 You entered the Gnomish Mines.
 You attained the rank of Skirmisher.

 The Dungeons of Doom: levels 1 to 2
    Level 1:
       A fountain.
    Level 2:
       A general store.
       Stairs down to The Gnomish Mines.
 The Gnomish Mines: levels 3 to 4
    Level 3:
    Level 4: <- You were here.
       Final resting place for
          you, killed by a bolt of fire zapped by a gnome.


Vanquished creatures:
  a gnome leader
 an iguana
  9 gnomes
  a gecko
  2 jackals
  3 sewer rats
  2 grid bugs
  2 bats
  a lichen
  a kobold zombie
  7 newts
30 creatures vanquished.

No species were genocided or became extinct.

Game over:
                       ----------
                      /          \
                     /    REST    \
                    /      IN      \
                   /     PEACE      \
                  /                  \
                  | 182320070181818  |
                  |      21 Au       |
                  | killed by a bolt |
                  |  of fire zapped  |
                  |    by a gnome    |
                  |                  |
                  |       2026       |
                 *|     *  *  *      | *
        _________)/\\_//(\/(/\)/\//\/|_)_______

Farvel 182320070181818 the Valkyrie...

You died in The Gnomish Mines on dungeon level 4 with 445 points,
and 21 pieces of gold, after 1144 moves.
You were level 3 with a maximum of 33 hit points when you died.

